 Dungeon Crawl Stone Soup version 0.25.1-2-g60ff931df9 (webtiles) character file.

Game seed: 7185298077645154154

788 Peloso the Slasher (level 7, -2/61 HPs)
             Began as a Minotaur Fighter on Aug 7, 2020.
             Slain by Prince Ribbit (13 damage)
             ... on level 5 of the Dungeon.
             The game lasted 00:06:55 (4124 turns).

Peloso the Slasher (Minotaur Fighter)               Turns: 4124, Time: 00:06:56

Health: -2/61      AC:  7    Str: 23    XL:     7   Next: 56%
Magic:  6/6        EV:  8    Int:  5    God:
Gold:   166        SH: 10    Dex:  7    Spells: 6/6 levels left

rFire    . . .     SeeInvis .   a - +0 long sword
rCold    . . .     Gourm    .   c - +0 kite shield
rNeg     . . .     Faith    .   b - +0 scale mail
rPois    +         Spirit   .   (helmet restricted)
rElec    .         Reflect  .   (no cloak)
rCorr    .         Harm     .   (no gloves)
MR       .....                  (no boots)
Stlth    ..........             (no amulet)
HPRegen  0.20/turn              u - -4 ring of dexterity (curse)
MPRegen  0.10/turn              (no ring)

@: no status effects
A: retaliatory headbutt, horns 2, poison resistance, strong 1
a: no special abilities


You were on level 5 of the Dungeon.
You were not hungry.

You visited 1 branch of the dungeon, and saw 5 of its levels.

You collected 166 gold pieces.

Inventory:

Hand Weapons
 a - a +0 long sword (weapon)
Missiles
 e - 103 bolts
Armour
 b - a +0 scale mail (worn)
 c - a +0 kite shield (worn)
Jewellery
 l - an uncursed amulet of the acrobat {unknown}
 u - a cursed -4 ring of dexterity (left hand)
Wands
 r - a wand of clouds (3)
Scrolls
 d - 2 scrolls of fear
 h - 2 scrolls of magic mapping
 i - a scroll of identify
 j - a scroll of blinking
 k - 2 scrolls of enchant armour
 m - a scroll of remove curse
 n - 5 scrolls of teleportation
 x - a scroll of noise
Potions
 g - a potion of flight
 o - 2 potions of mutation
 p - a potion of curing
 q - a potion of haste
 w - a potion of invisibility
 z - a potion of lignification {unknown}
Comestibles
 f - 6 rations
 v - 2 chunks of flesh


   Skills:
 + Level 5.2 Fighting
 + Level 6.2 Long Blades
 + Level 5.9 Armour
 + Level 2.0 Dodging
 + Level 0.9 Stealth
 + Level 6.0 Shields


You had 6 spell levels left.
You didn't know any spells.
Your spell library contained the following spells:

 Spells                   Type           Power        Failure   Level  Hunger
 Foxfire                  Conj/Fire      #...         99%         1    ##.....
 Magic Dart               Conj           #...         99%         1    ##.....
 Blink                    Tloc           N/A          99%         2    ###....
 Call Imp                 Summ           #.......     99%         2    ###....
 Slow                     Hex            #.......     99%         2    ###....
 Conjure Flame            Conj/Fire      #.......     100%        3    ####...
 Inner Flame              Hex/Fire       #.......     100%        3    ####...
 Mephitic Cloud           Conj/Pois/Air  #.......     100%        3    ####...
 Sticky Flame             Conj/Fire      #.......     100%        4    #####..
 Fireball                 Conj/Fire      #.........   100%        5    ######.


Dungeon Overview and Level Annotations

Branches:
Dungeon (5/15)
 Temple: D:4-7

Altars:
Dithmenos
Fedhas
Nemelex Xobeh

Annotations:
D:5 Prince Ribbit


Innate Abilities, Weirdness & Mutations

You reflexively headbutt those who attack you in melee.
You have a pair of horns on your head.
Your system is resistant to poisons. (rPois)
Your muscles are strong. (Str +2)


Message History

Prince Ribbit is lightly wounded.
You block Prince Ribbit's attack. Prince Ribbit hits you!
You barely miss Prince Ribbit. Your headbutt misses Prince Ribbit.
Prince Ribbit is lightly wounded.
You block Prince Ribbit's attack. Prince Ribbit hits you!
You hit Prince Ribbit but do no damage.
Prince Ribbit is lightly wounded.
Prince Ribbit hits you!
You closely miss Prince Ribbit. Your headbutt misses Prince Ribbit.
Prince Ribbit is lightly wounded.
Prince Ribbit hits you!
* * * LOW HITPOINT WARNING * * *
You block Prince Ribbit's attack.
Your shield and scale mail prevent you from hitting Prince Ribbit.
Prince Ribbit is lightly wounded.
Prince Ribbit misses you. You furiously retaliate!
You headbutt Prince Ribbit.
You riposte.
You miss Prince Ribbit.
Prince Ribbit is lightly wounded.
Prince Ribbit hits you!
You die...

#.... #....#.. #.##..
#.#.....###.)..... #.#.
.##...##...#.[......
.###..##...................
.......#...#..........##...
....#.....##........####..
#.................###...
#.................##....
#......@F...............
.........................##
#..........................
#.................##.......
.............#.............
.....###...............#...
.#..# #.......#......##..#
##. ####.....###...# #.#
#.##.. #..## .#


You could see Prince Ribbit.

Vanquished Creatures
  Sigmund (D:4)
  An ogre (D:4)
  A phantom (D:2)
  A bullfrog (D:4)
  A scorpion (D:4)
  A hound (D:4)
  An orc priest (D:4)
  A centaur skeleton (D:4)
  A worker ant (D:4)
  7 adders
  4 gnolls (D:3)
  A howler monkey skeleton (D:4)
  A shadow imp (D:5)
  An ooze (D:3)
  An adder skeleton (D:5)
  6 worms
  A dart slug (D:4)
  A leopard gecko (D:3)
  9 orcs
  4 giant cockroaches
  6 goblins
  11 hobgoblins
  11 jackals
  3 quokkas
  4 bats
  7 frilled lizards
  5 kobolds
  5 rats
97 creatures vanquished.

Notes
Turn   | Place    | Note
-------+----------+-------------------------------------------
     0 | D:1      | Peloso the Minotaur Fighter began the quest for the Orb.
     0 | D:1      | Reached XP level 1. HP: 19/19 MP: 0/0
   206 | D:1      | Reached XP level 2. HP: 22/27 MP: 1/1
   310 | D:1      | Found a sparkling altar of Nemelex Xobeh.
   993 | D:1      | Gained mutation: Your system is resistant to poisons.
                  | (rPois) [potion of mutation]
   993 | D:1      | Gained mutation: Your muscles are strong. (Str +2) [potion
                  | of mutation]
  1088 | D:2      | Reached XP level 3. HP: 33/33 MP: 2/2
  1161 | D:2      | Noticed a phantom
  1165 | D:2      | Killed a phantom
  1165 | D:2      | Reached skill level 1 in Dodging
  1165 | D:2      | Reached XP level 4. HP: 37/40 MP: 3/3
  1344 | D:2      | Found a blossoming altar of Fedhas.
  1541 | D:3      | Reached XP level 5. HP: 46/46 MP: 4/4
  1632 | D:3      | Reached skill level 5 in Shields
  2521 | D:3      | Found a shadowy altar of Dithmenos.
  2718 | D:4      | Reached XP level 6. HP: 33/53 MP: 5/5
  2838 | D:4      | Noticed Sigmund
  2860 | D:4      | Reached skill level 5 in Long Blades
  2879 | D:4      | Killed Sigmund
  2879 | D:4      | Reached skill level 5 in Armour
  3043 | D:4      | Reached XP level 7. HP: 60/60 MP: 6/6
  3292 | D:4      | Reached skill level 5 in Fighting
  4000 | D:5      | Entered Level 5 of the Dungeon
  4108 | D:5      | Noticed Prince Ribbit
  4124 | D:5      | Slain by Prince Ribbit

Illustrated notes

Levels and vault maps discovered:
D:1:      matt_arrival_los_fun, layout_basic, nemelex_diamond_rough_becter
D:2:      layout_rooms, fedhas_ov_isle_minmay
D:3:      layout_loops_ring, corexii_leaking_fountain, grunt_dithmenos_smoke
D:4:      cheibrodos_quashed, layout_loops_ring, uniq_sigmund
D:5:      layout_layer_cave, grunt_temple_overflow_cloverleaf, first_ration,
          uniq_eustachio, uniq_prince_ribbit1

Skill      XL: |  1  2  3  4  5  6  7 |
---------------+----------------------+-----
Shields        | 4 5 6 |  6.0
Armour         | 4 5 |  5.9
Fighting       | 4 5 |  5.2
Long Blades    | 3 4 5 6 |  6.2
Dodging        | 1 2 |  2.0
Stealth        | |  0.9

Action                   |  1- 3 |  4- 6 |  7- 9 || total
-------------------------+-------+-------+-------++-------
Melee: Long sword        |    41 |   144 |    73 ||   258
       Headbutt          |    10 |    33 |     7 ||    50
  Use: Potion            |     1 |     1 |     1 ||     3
       Scroll            |       |     1 |    12 ||    13
  Eat: Chunk             |     1 |     6 |     3 ||    10
Armor: Scale mail        |    35 |    58 |    17 ||   110
Dodge: Dodged            |    27 |    48 |    21 ||    96
Block: Kite shield       |    31 |    97 |    31 ||   159
       Rpst.: Long sword |     4 |    16 |     7 ||    27
